 Dungeon Crawl Stone Soup version 0.30-a0-802-gb92711bcdf (webtiles) character file.

Game seed: 3574743883716818287

228 Sabo the Chopper (level 6, 0/50 HPs)
             Began as a Gnoll Reaver on Feb 24, 2023.
             Was an Initiate of Dithmenos.
             Slain by Pikel
             ... wielding a +2 whip of flaming
              (15 damage)
             ... on level 4 of the Dungeon.
             The game lasted 00:21:56 (4120 turns).

Sabo the Chopper (Gnoll Reaver)                     Turns: 4120, Time: 00:21:57

Health: 0/50       AC: 11    Str: 11    XL:     6   Next: 2%
Magic:  13/13      EV: 11    Int: 15    God:    Dithmenos [......]
Gold:   54         SH:  0    Dex: 10    Spells: 11/15 levels left

rFire   . . .      SeeInvis .    a - +0 hand axe
rCold   . . .      Faith    .    (no shield)
rNeg    . . .      Spirit   .    r - +0 ring mail
rPois   .          Reflect  .    (no helmet)
rElec   .          Harm     .    f - +2 cloak
rCorr   .          Rampage  .    (no gloves)
Will    .....                    n - +2 pair of boots
Stlth   +                        (no amulet)
HPRegen 0.28/turn                (no ring)
MPRegen 0.13/turn                (no ring)

@: no status effects
A: fangs 1, strong nose, distributed training
a: Renounce Religion


You were on level 4 of the Dungeon.
You worshipped Dithmenos.
Dithmenos was noncommittal.
You visited 1 branch of the dungeon, and saw 4 of its levels.

You collected 134 gold pieces.
You spent 80 gold pieces at shops.

Inventory:

Hand Weapons
 a - a +0 hand axe (weapon)
 h - a +0 sling
 w - a +0 sling
Missiles
 l - 6 javelins
 o - 6 poisoned darts (quivered)
Armour
 b - a +0 leather armour
 f - a +2 cloak (worn)
 n - a +2 pair of boots (worn)
 r - a +0 ring mail (worn)
Wands
 u - a wand of charming (1)
Scrolls
 c - a scroll of magic mapping
 d - 2 scrolls of blinking
 g - a scroll of enchant armour
 j - 3 scrolls of teleportation
 k - 3 scrolls of poison
 m - 2 scrolls of fear
 t - a scroll of fog {unknown}
 v - a scroll of torment {unknown}
Potions
 e - 2 potions of ambrosia {unknown}
 i - 3 potions of lignification
 p - 2 potions of curing
 q - a potion of haste {unknown}
 s - 2 potions of resistance {unknown}
 x - a potion of might {unknown}


   Skills:
 + Level 4.9 Fighting
 + Level 1.8 Short Blades
 + Level 1.8 Long Blades
 + Level 6.8 Axes
 + Level 1.8 Maces & Flails
 + Level 1.8 Polearms
 + Level 1.8 Staves
 + Level 1.8 Ranged Weapons
 + Level 1.8 Throwing
 + Level 1.8 Armour
 + Level 4.9 Dodging
 + Level 1.8 Stealth
 + Level 1.8 Shields
 + Level 1.8 Unarmed Combat
 + Level 5.3 Spellcasting
 + Level 5.6 Conjurations
 + Level 1.4 Hexes
 + Level 1.4 Summonings
 + Level 1.4 Necromancy
 + Level 1.4 Translocations
 + Level 1.4 Transmutations
 + Level 1.4 Fire Magic
 + Level 1.4 Ice Magic
 + Level 1.4 Air Magic
 + Level 1.4 Earth Magic
 + Level 1.4 Poison Magic
 + Level 2.0 Invocations
 + Level 1.8 Evocations


You had 11 spell levels left.
You knew the following spells:

 Your Spells              Type           Power      Damage    Failure   Level
a - Kiss of Death         Conj/Necr      56%        2d9       9%          1
b - Hailstorm             Conj/Ice       14%        3d5       26%         3

Your spell library contained the following spells:

 Spells                   Type           Power      Damage    Failure   Level
 Momentum Strike          Conj/Tloc      28%        3d8       13%         2
 Gell's Gravitas          Tloc           8%         N/A       52%         3
 Teleport Other           Tloc           8%         N/A       52%         3
 Iskenderun's Battlesphe  Conj           20%        2d7       71%         5
 Fireball                 Conj/Fire      7%         3d5       94%         5
 Conjure Ball Lightning   Conj/Air       7%         3x3d6     100%        6
 Dispersal                Tloc           4%         N/A       100%        6
 Orb of Destruction       Conj           10%        9d6       100%        7


Dungeon Overview and Level Annotations

Branches:
Dungeon (4/15)
 Temple: D:4-7

Altars:
Dithmenos
Hepliaklqana
Makhleb

Shops:
D:2 ?

Annotations:
D:3 3 runed translucent doors, Demosthentine's ghost, amateur DsGl; cheesebisquit's ghost, amateur MfGl
D:4 Pikel


Innate Abilities, Weirdness & Mutations

You have very sharp teeth.
Your uncanny sense of smell can sniff out nearby items.
Your experience applies equally to all skills.


Message History

There is an open door here.
Aiming: Charm
Press: ? - help, Shift-Dir - straight line, f - Pikel
Aim: Pikel, wielding a +2 whip of flaming, wearing a +0 robe and carrying a wand of quicksilver (13) (chance to affect: 53%) Pikel is charmed.
You swap places.
You start resting.
Pikel is no longer charmed.
Pikel hits you with a +2 whip of flaming.
Pikel burns you.
You hit Pikel.
Pikel is lightly wounded.
Pikel hits you but does no damage.
You miss Pikel. You bite Pikel, but do no damage.
Pikel is lightly wounded.
Pikel drinks a potion.
Pikel goes berserk!
You closely miss Pikel. You punch Pikel, but do no damage.
Pikel is lightly wounded.
Pikel hits you with a +2 whip of flaming!
Pikel burns you.
You hit Pikel.
Pikel is lightly wounded.
Pikel barely misses you.
Pikel hits you with a +2 whip of flaming.
Pikel burns you.
* * * LOW HITPOINT WARNING * * *
You barely miss Pikel.
Pikel is lightly wounded.
Pikel completely misses you.
You hit Pikel.
Pikel is lightly wounded.
Pikel barely misses you. Pikel misses you.
You hit Pikel. Your bite misses Pikel.
Pikel is moderately wounded.
Pikel hits you but does no damage.
You closely miss Pikel.
Pikel is moderately wounded.
Pikel closely misses you.
Pikel hits you with a +2 whip of flaming!
You die...

###########
########...).....+ ∆
#................#
###'#####.########.#
#......##....K@###'##
#......#...###.##...#
#......>.#.# #..'...#
#.......##.# ####...#
######.......#
#)......
...###.##.####
#.......# ....##.##.#
#.......#
##..##.##.##
#..K....#
....##.....######
#.......#


You could see Pikel (berserk).

Vanquished Creatures
  An orc priest (D:3)
  An orc wizard (D:4)
  6 gnolls (D:3)
  4 adders
  2 dart slugs
  5 orcs
  10 ball pythons
  5 bats
  2 endoplasms
  A giant cockroach (D:1)
  8 goblins
  7 hobgoblins
  2 jackals (D:2)
  3 quokkas
  3 frilled lizards
  7 kobolds
  6 rats
73 creatures vanquished.

Vanquished Creatures (others)
  An orc (D:4)
  2 withered plants (D:3)
3 creatures vanquished.

Grand Total: 76 creatures vanquished

Notes
Turn   | Place    | Note
-------+----------+-------------------------------------------
     0 | D:1      | Sabo the Gnoll Reaver began the quest for the Orb.
     0 | D:1      | Reached XP level 1. HP: 20/20 MP: 6/6
   105 | D:1      | Reached XP level 2. HP: 14/26 MP: 7/7
   478 | D:1      | Reached skill level 5 in Spellcasting
   478 | D:1      | Reached XP level 3. HP: 31/31 MP: 7/9
  1027 | D:2      | Reached skill level 1 in Invocations
  1037 | D:2      | Reached skill level 1 in Short Blades
  1037 | D:2      | Reached skill level 1 in Long Blades
  1037 | D:2      | Reached skill level 1 in Maces & Flails
  1037 | D:2      | Reached skill level 1 in Polearms
  1037 | D:2      | Reached skill level 1 in Staves
  1037 | D:2      | Reached skill level 1 in Ranged Weapons
  1037 | D:2      | Reached skill level 1 in Throwing
  1037 | D:2      | Reached skill level 1 in Armour
  1037 | D:2      | Reached skill level 1 in Stealth
  1037 | D:2      | Reached skill level 1 in Shields
  1037 | D:2      | Reached skill level 1 in Unarmed Combat
  1037 | D:2      | Reached skill level 1 in Evocations
  1512 | D:2      | Reached XP level 4. HP: 38/38 MP: 11/11
  1871 | D:2      | Reached skill level 1 in Hexes
  1871 | D:2      | Reached skill level 1 in Summonings
  1871 | D:2      | Reached skill level 1 in Necromancy
  1871 | D:2      | Reached skill level 1 in Translocations
  1871 | D:2      | Reached skill level 1 in Transmutations
  1871 | D:2      | Reached skill level 1 in Fire Magic
  1871 | D:2      | Reached skill level 1 in Ice Magic
  1871 | D:2      | Reached skill level 1 in Air Magic
  1871 | D:2      | Reached skill level 1 in Earth Magic
  1871 | D:2      | Reached skill level 1 in Poison Magic
  2161 | D:2      | Found Haasezoh's Magic Scroll Boutique.
  2174 | D:2      | Bought a scroll of identify for 20 gold pieces
  2174 | D:2      | Bought a scroll of identify for 20 gold pieces
  2174 | D:2      | Bought a scroll of identify for 20 gold pieces
  2174 | D:2      | Bought a scroll of identify for 20 gold pieces
  2420 | D:3      | Found a shadowy altar of Dithmenos.
  2532 | D:3      | Reached XP level 5. HP: 40/43 MP: 12/12
  2734 | D:3      | Found a runed translucent gate.
  2734 | D:3      | Found a runed translucent gate.
  2734 | D:3      | Found a runed translucent gate.
  2909 | D:3      | Found a faded altar of an unknown god.
  3290 | D:3      | Became a worshipper of Dithmenos the Shadowed
  3368 | D:3      | Noticed Demosthentine's ghost (amateur DsGl)
  3368 | D:3      | Noticed cheesebisquit's ghost (amateur MfGl)
  3509 | D:3      | Learned a level 3 spell: Hailstorm
  3761 | D:4      | Reached XP level 6. HP: 47/50 MP: 13/13
  3779 | D:4      | Found a hazy altar of Hepliaklqana.
  3779 | D:4      | Found a burning altar of Makhleb.
  4087 | D:4      | Noticed Pikel
  4120 | D:4      | Slain by Pikel

Illustrated notes

Levels and vault maps discovered:
D:1:      nicolae_arrival_memento_mori, layout_loops_ring
D:2:      layout_basic, serial_shops, nicolae_lakefront_shop, shop_fountains
D:3:      layout_rooms, nicolae_dithmenos_the_darkroom,
          gammafunk_ghost_cemetery, shapermc_ecumenical_altar_hornbeckon,
          hangedman_glass_teeth
D:4:      layout_basic, nicolae_overflow_squiral,
          mainiacjoe_overflow_concentric_impassable, chequers_arboretum,
          uniq_pikel

Skill      XL: |  1  2  3  4  5 |
---------------+----------------+-----
Spellcasting   | 5 |  5.3
Invocations    | 1 2 |  2.0
Short Blades   | 1 |  1.8
Long Blades    | 1 |  1.8
Maces & Flails | 1 |  1.8
Polearms       | 1 |  1.8
Staves         | 1 |  1.8
Ranged Weapons | 1 |  1.8
Throwing       | 1 |  1.8
Armour         | 1 |  1.8
Stealth        | 1 |  1.8
Shields        | 1 |  1.8
Unarmed Combat | 1 |  1.8
Evocations     | 1 |  1.8
Hexes          | 1 |  1.4
Summonings     | 1 |  1.4
Necromancy     | 1 |  1.4
Translocations | 1 |  1.4
Transmutations | 1 |  1.4
Fire Magic     | 1 |  1.4
Ice Magic      | 1 |  1.4
Air Magic      | 1 |  1.4
Earth Magic    | 1 |  1.4
Poison Magic   | 1 |  1.4
Fighting       | |  4.9
Axes           | |  6.8
Dodging        | |  4.9
Conjurations   | |  5.6

Action                     |  1- 3 |  4- 6 || total
---------------------------+-------+-------++-------
  Melee: Hand axe          |   107 |   161 ||   268
         Punch             |     2 |     2 ||     4
         Bite              |     8 |    14 ||    22
  Throw: Dart              |       |     1 ||     1
  Evoke: Wand              |       |     1 ||     1
    Use: Scroll            |     4 |     5 ||     9
 Armour: Leather armour    |    63 |    48 ||   111
         Ring mail         |       |     8 ||     8
  Dodge: Dodged            |    83 |    94 ||   177

Table legend: (Time is in decaauts)
 A = Elapsed time spent in this place.
 B = Non-inter-level travel time spent in this place.
 C = Inter-level travel time spent in this place.
 D = Time resting spent in this place.
 E = Time spent auto-exploring this place.
 F = Levels seen in this place.
 G = Mean time per level.
                   A        B        C        D        E       F      G
               +--------+--------+--------+--------+--------+-----+--------+
         Total |   4124 |   4124 |      0 |    994 |      0 |   4 | 1031.0 |
       Dungeon |   4124 |   4124 |      0 |    994 |      0 |   4 | 1031.0 |
               +--------+--------+--------+--------+--------+-----+--------+

Top non-repeatable levels by time:
     D:2: 1359 daAuts
     D:3: 1163 daAuts
     D:1: 993 daAuts
     D:4: 607 daAuts
